 Dungeon Crawl Stone Soup version 0.18-a0-1323-g706dcef (webtiles) character file.

6833 GrosslyIncandescent the Martial Artist (level 10, -2/84 HPs)
             Began as a Mummy Monk on Feb 15, 2016.
             Slain by Gastronok (25 damage)
             ... on level 10 of the Dungeon.
             The game lasted 00:38:15 (17845 turns).

GrosslyIncandescent the Martial Artist (MuMo)      Turns: 17845, Time: 00:38:15

Health: -2/84      AC:  8    Str: 19    XL:     10   Next: 77%
Magic:  10/10      EV: 16    Int:  9    God:
Gold:   618        SH:  5    Dex: 18    Spells: 0 memorised, 9 levels left

rFire  x . .     SeeInvis +       - Unarmed
rCold  + . .     Gourm    .     (no armour)
rNeg   + + +     Faith    .     p - +0 buckler {Ground softener}
rPois  ∞         Spirit   .     m - +2 helmet {Robin's head}
rElec  .         Dismiss  .     (no cloak)
rCorr  .         Reflect  .     v - +1 pair of gloves
SustAt .         Harm     .     c - +2 pair of boots
MR     +....                    (no amulet)
Stlth  ++........               f - ring of see invisible
                                e - +4 ring of strength

@: somewhat resistant to hostile enchantments, unstealthy
A: no food or potions, fire vulnerability, cold resistance 1, negative energy
resistance 3, torment resistance, unbreathing
a: no special abilities


You were on level 10 of the Dungeon.
You were not hungry.

You visited 1 branch of the dungeon, and saw 11 of its levels.

You collected 618 gold pieces.


Innate Abilities, Weirdness & Mutations

You do not eat or drink.
Your flesh is vulnerable to fire.
You are immune to poison.
Your flesh is cold resistant.
You are immune to negative energy.
You are immune to unholy pain and torment.
You can survive without breathing.


   Skills:
 + Level 9.6 Fighting
 - Level 6.0 Dodging
 - Level 1.5 Stealth
 - Level 4.0 Shields
 - Level 10.0 Unarmed Combat


You had 9 spell levels left.
You didn't know any spells.

Inventory:

Hand Weapons
 t - a +0 giant club {Elrocha's Beating stick}
 y - a +2 dagger of venom {His}
 z - a +0 rapier {Hers}
Missiles
 A - 5 large rocks {=f}
Armour
 c - a +2 pair of boots (worn)
 j - a +0 robe {Jessica's filthy rags}
 m - a +2 helmet (worn) {Robin's head}
 p - a +0 buckler (worn) {Ground softener}
 s - a +0 shield
 v - a +1 pair of gloves (worn)
Jewellery
 e - a +4 ring of strength (left hand)
 f - a ring of see invisible (right hand)
 g - an uncursed ring of ice
 h - an uncursed amulet of harm {unknown}
Scrolls
 a - a scroll of recharging
 b - 2 scrolls of amnesia
 d - a scroll of magic mapping
 i - 4 scrolls of fog
 k - 4 scrolls of enchant weapon (quivered)
 l - 5 scrolls of immolation {!r}
 n - 4 scrolls of remove curse
 q - a scroll of random uselessness
 r - a scroll of teleportation {@r4}
 w - a scroll of fear {unknown}
Books
 u - a book of Hinderance

   Spells                             Type                      Level
   a - Confusing Touch                Hexes                        2
   b - Confuse                        Hexes                        3
   c - Gell's Gravitas                Hexes/Translocation          3
   d - Petrify                        Transmutation/Earth          4
   e - Metabolic Englaciation         Hexes/Ice                    5
   f - Yara's Violent Unravelling     Hexes/Transmutation          5
 x - a book of Air

   Spells                             Type                      Level
   a - Shock                          Conjuration/Air              1
   b - Swiftness                      Charms/Air                   2
   c - Repel Missiles                 Charms/Air                   2
   d - Static Discharge               Conjuration/Air              3
   e - Lightning Bolt                 Conjuration/Air              5
Comestibles
 o - a fruit {Grinder's snozzcumber}

Dungeon Overview and Level Annotations

Branches:
Dungeon (11/15)            Temple (0/1) D:7             Orc (0/2) D:10
   Lair: D:8-11

Altars:
Ashenzari
Dithmenos
Fedhas
Makhleb
Nemelex Xobeh
Pakellas
Qazlal
Ru
Sif Muna
Vehumet
Xom
The Shining One

Shops:
D:4 (

Annotations:
D:6 !Cyclops southwest
D:7 exclusion: downstairs
D:9 !Mottled fucker
D:10 !Gastronok, exclusions: downstairs and upstairs, Gastronok
D:11 exclusion: hill giant, Erica, Grum

▒...▒..▒.....▒.▒...[▒▒▒▒
▒▒....▒▒▒▒..▒▒▒.▒..▒...▒
▒..▒..▒ ▒▒▒.....▒.▒▒▒.▒
▒▒.▒▒.▒▒ ▒▒.▒▒▒▒▒..▒.▒
▒.▒▒▒▒▒▒ ▒▒▒▒▒ ▒▒▒▒.▒
▒.▒.▒▒.▒ ▒.▒ ▒..▒ ▒...▒▒.▒
▒▒.▒▒▒▒▒)▒▒▒▒▒▒ ▒▒...▒.▒
▒.>...........▒ ▒▒▒.!.▒.▒
▒.@▒▒▒▒▒▒▒▒▒▒.▒
...)....▒▒▒▒▒▒▒w.▒ ▒.▒
.<...............▒ ▒.▒
▒.......▒▒▒▒▒▒▒!.▒▒▒▒▒▒
▒▒▒.▒▒▒ ▒▒▒...▒.▒ ▒.......▒
▒.....▒ ▒...▒.▒
▒▒..▒▒▒▒.▒▒▒.▒.▒.▒▒▒ ▒
▒▒▒▒▒.▒▒▒▒▒▒...▒
▒▒............ ▒
▒.▒).......▒▒▒.w.▒▒.▒.▒.▒▒▒
▒ ▒.▒.▒▒▒▒...▒▒.....▒.....▒


You could see Gastronok.


Message History

You hit Gastronok.
Gastronok is heavily wounded.
You punch Gastronok!
Gastronok is severely wounded.
Gastronok bubbles merrily.
You hit Gastronok.
Gastronok is severely wounded.
You hit Gastronok.
Gastronok is severely wounded.
Gastronok's eyestalks quiver as he mumbles some strange words.
You feel sluggish.
You hit Gastronok.
Gastronok is severely wounded.
You punch Gastronok!
Gastronok is severely wounded.
You barely miss Gastronok.
Gastronok is severely wounded.
Gastronok bites you!!
* * * LOW HITPOINT WARNING * * *
You are too injured to fight recklessly!
You are too injured to fight recklessly!
You are too injured to fight recklessly!
You are too injured to fight recklessly!
You are too injured to fight recklessly!
You hit Gastronok but do no damage.
Gastronok is severely wounded.
You punch Gastronok!
Gastronok is almost dead.
Gastronok bites you!!
You die...

Action                   |  1- 3 |  4- 6 |  7- 9 | 10-12 || total
-------------------------+-------+-------+-------+-------++-------
Melee: Unarmed           |   114 |   317 |   670 |   450 ||  1551
  Use: Scroll            |       |     6 |     4 |     6 ||    16
 Stab: Sleeping          |     4 |     2 |     6 |     1 ||    13
       Distracted        |       |     1 |     3 |     2 ||     6

Vault maps used:
D:1:      mainiacjoe_arrival_reflecting_pool
D:2:      lemuel_blue_sif_altar, ecumenical_altar_1, uniq_jessica
D:3:      led_xom_imps, ashenzari_altar_1, uniq_robin
D:4:      old_standard_altar, nicolae_qazlal_eye_of_the_storm,
          gammafunk_temple_overflow_statue, serial_shops,
          nicolae_shop_behind_doors, first_bread, uniq_duvessa, uniq_grinder
D:5:      fiery_altar_vehumet, tso_metal_star
D:6:      lemuel_ratsnest, lemuel_doored_altar, nicolae_ru_awakened_eye,
          gup_sewer_entry_bowl
D:7:      nicolae_dithmenos_the_darkroom, minmay_temple_entry_grid
D:8:      uniq_erolcha
D:9:      the_bakery, fountainhead, patterned_corridor
D:10:     erik_orc_3, uniq_gastronok
D:11:     minmay_lair_entry_lava, hive_lemuel, uniq_grum, uniq_erica,
          uniq_nergalle

Notes
Turn   | Place    | Note
--------------------------------------------------------------
     0 | D:1      | GrosslyIncandescent the Mummy Monk began the quest for the Orb.
     0 | D:1      | Reached XP level 1. HP: 18/18 MP: 1/1
   149 | D:1      | HP: 1/18 [bat (1)]
   449 | D:1      | Reached XP level 2. HP: 17/24 MP: 2/2
  1082 | D:2      | Reached skill level 4 in Unarmed Combat
  1099 | D:2      | Reached XP level 3. HP: 29/29 MP: 3/3
  1151 | D:2      | Noticed Jessica
  1158 | D:2      | Killed Jessica
  1442 | D:2      | Found a faded altar to an unknown god.
  1606 | D:2      | Reached XP level 4. HP: 24/35 MP: 4/4
  1797 | D:2      | Found a deep blue altar of Sif Muna.
  2133 | D:3      | Noticed Robin
  2152 | D:3      | Killed Robin
  2152 | D:3      | Reached skill level 5 in Unarmed Combat
  2374 | D:3      | Found a shattered altar of Ashenzari.
  2472 | D:3      | Found a shimmering altar of Xom.
  2487 | D:3      | Reached XP level 5. HP: 37/41 MP: 5/5
  2719 | D:3      | Reached skill level 4 in Fighting
  3306 | D:3      | Reached XP level 6. HP: 50/50 MP: 6/6
  3312 | D:3      | Reached skill level 5 in Fighting
  3759 | D:4      | Noticed Grinder
  3777 | D:4      | Paralysed by Grinder for 4 turns
  3781 | D:4      | HP: 3/51 [quokka (4)]
  3783 | D:4      | HP: 1/51 [quokka (2)]
  3825 | D:4      | Noticed Duvessa
  3825 | D:4      | Noticed Dowan
  4312 | D:3      | Reached skill level 3 in Dodging
  4803 | D:4      | HP: 5/51 [Grinder (6)]
  4806 | D:4      | Killed Grinder
  4806 | D:4      | Reached skill level 4 in Dodging
  4806 | D:4      | Reached XP level 7. HP: 5/56 MP: 7/7
  5126 | D:4      | Reached skill level 5 in Dodging
  5185 | D:4      | Found a stormy altar of Qazlal.
  5236 | D:4      | Found a blossoming altar of Fedhas.
  5236 | D:4      | Found a burning altar of Makhleb.
  5447 | D:4      | Found a sparkling altar of Nemelex Xobeh.
  5600 | D:4      | Reached skill level 6 in Unarmed Combat
  5600 | D:4      | Reached XP level 8. HP: 49/62 MP: 8/8
  5764 | D:4      | Found Vaisid's Antique Weapon Shoppe.
  5948 | D:4      | Killed Duvessa
  6086 | D:5      | Entered Level 5 of the Dungeon
  6121 | D:5      | Found a glowing golden altar of the Shining One.
  6136 | D:5      | Found a radiant altar of Vehumet.
  6944 | D:6      | Reached skill level 7 in Unarmed Combat
  7401 | D:6      | Found a sacrificial altar of Ru.
  7472 | D:6      | Found an oddly glowing altar of Pakellas.
  7820 | D:6      | Reached skill level 8 in Unarmed Combat
  8491 | D:5      | HP: 4/62 [orc warrior/dire flail (11)]
  9333 | D:6      | Found an oddly glowing altar of Pakellas.
  9362 | D:6      | Found a sacrificial altar of Ru.
  9623 | D:6      | Reached skill level 6 in Dodging
  9623 | D:6      | Reached XP level 9. HP: 53/68 MP: 9/9
  9759 | D:7      | Noticed a cyclops
  9855 | D:7      | Found a staircase to the Ecumenical Temple.
  9862 | D:7      | Reached skill level 1 in Shields
 10206 | D:7      | Reached skill level 2 in Shields
 10403 | D:7      | Reached skill level 3 in Shields
 10596 | D:8      | Noticed Erolcha
 10604 | D:7      | Reached skill level 4 in Shields
 10855 | D:7      | Reached skill level 6 in Fighting
 11111 | D:7      | Found a shadowy altar of Dithmenos.
 11337 | D:8      | Reached skill level 7 in Fighting
 11456 | D:8      | Killed Erolcha
 11456 | D:8      | Reached skill level 8 in Fighting
 11824 | D:8      | Reached XP level 10. HP: 78/82 MP: 10/10
 12901 | D:8      | Reached skill level 9 in Fighting
 13885 | D:9      | oh god thank you centaur zombie, you are my greatest ally
 14483 | D:10     | Entered Level 10 of the Dungeon
 14507 | D:9      | HP: 4/83 [wyvern (14)]
 15053 | D:10     | Reached skill level 9 in Unarmed Combat
 15066 | D:10     | Noticed Gastronok
 15855 | D:10     | Found a staircase to the Orcish Mines.
 16336 | D:11     | Noticed a manticore
 16397 | D:11     | Noticed Erica
 16419 | D:11     | Noticed a hill giant
 16437 | D:11     | Noticed Grum
 16587 | D:9      | Reached skill level 10 in Unarmed Combat
 16969 | D:4      | Found Vaisid's Antique Weapon Shoppe.
 17001 | D:4      | Killed Dowan
 17161 | D:4      | Found a blossoming altar of Fedhas.
 17163 | D:4      | Found a burning altar of Makhleb.
 17222 | D:4      | Found a sparkling altar of Nemelex Xobeh.
 17352 | D:4      | Found a stormy altar of Qazlal.
 17845 | D:10     | Slain by Gastronok

Vanquished Creatures
  Erolcha (D:8)
  A fire drake (D:10)
  Grinder (D:4)
  A spriggan (D:9)
  A wyvern (D:9)
  A hungry ghost (D:8)
  A wolf (D:10)
  A warg (D:10)
  Duvessa (D:4)
  3 orc warriors
  2 black bears (D:9)
  3 ice beasts
  A necrophage (D:4)
  5 ogres
  2 phantoms
  5 centaurs
  8 giant frogs
  A gnoll sergeant (D:6)
  Dowan (D:4)
  2 scorpions
  5 wights
  8 crimson imps
  2 giant frog zombies
  A jelly (D:8)
  8 hounds
  13 orc wizards
  3 giant frog skeletons
  A gnoll shaman (D:9)
  13 orc priests
  Jessica (D:2)
  4 iguanas
  5 worker ants
  2 hell rats (D:6)
  A killer bee zombie (D:10)
  Robin (D:3)
  A worker ant zombie (D:6)
  3 gnolls (D:6)
  13 adders
  5 river rats (D:6)
  2 adder skeletons
  An adder zombie (D:10)
  3 worms
  7 giant geckos
  67 orcs
  9 giant cockroaches
  20 goblins
  16 hobgoblins
  4 quokkas
  4 ball pythons
  9 bats
  2 giant newts
  6 kobolds
  27 rats
309 creatures vanquished.

Vanquished Creatures (others)
  An orc wizard (D:5)
  An orc (D:6)
  A giant newt (D:4)
3 creatures vanquished.

Grand Total: 312 creatures vanquished
